 Dungeon Crawl Stone Soup version 0.22-a0-803-gd6d8abeff0 (webtiles) character file.

247546 Mirvelgyr the Executioner (level 19, 0/261 HPs)
             Began as a Minotaur Berserker on July 22, 2018.
             Was a High Priest of Trog.
             Succumbed to Aizul's bolt of poison
             ... on level 2 of the Snake Pit.
             The game lasted 00:53:38 (28293 turns).

Mirvelgyr the Executioner (Minotaur Berserker)     Turns: 28293, Time: 00:53:39

Health: 0/261      AC: 34    Str: 28    XL:     19   Next: 22%
Magic:  18/18      EV: 17    Int:  4    God:    Trog [*****.]
Gold:   1182       SH:  0    Dex: 17    Spells: 18/18 levels left

rFire    + . .     SeeInvis .   p - +9 executioner's axe of Capital Punishment {protect, rN+}
rCold    + . .     Gourm    .   (shield currently unavailable)
rNeg     + . .     Faith    .   G - +0 plate armour
rPois    .         Spirit   .   P - +2 hat
rElec    .         Reflect  .   N - +2 cloak {rC+}
rCorr    .         Harm     .   F - +0 pair of gloves
MR       +++..                  w - +2 pair of boots
Stlth    ..........             L - amulet of regeneration
HPRegen  1.93/turn              b - +1 ring of evasion
MPRegen  0.16/turn              v - ring of protection from fire

@: berserking (expiring), lethally poisoned (0 -> -6), marked, protection aura,
regenerating, very quick
A: retaliatory headbutt, horns 2
}: 1/15 runes: decaying
a: Berserk, Trog's Hand, Brothers in Arms, Renounce Religion


You were on level 2 of the Snake Pit.
You worshipped Trog.
Trog was extremely pleased with you.
You were not hungry.

You visited 5 branches of the dungeon, and saw 29 of its levels.
You also visited: Ossuary, Ice Cave and Volcano.

You collected 3002 gold pieces.
You spent 1820 gold pieces at shops.

Inventory:

Hand Weapons
 p - the +9 executioner's axe of Capital Punishment (weapon) {protect, rN+}
   (Trog gifted it to you on level 6 of the Lair of Beasts)

   It protects the one who uses it against injury (+AC on strike).
   It protects you from negative energy.
 H - the +5 broad axe "Guuruihe" {flame, Str+4 Dex+4}
   (Trog gifted it to you on level 2 of the Lair of Beasts)

   It has been specially enchanted to burn those struck by it, causing extra
   injury to most foes and up to half again as much damage against particularly
   susceptible opponents.
   Big, fiery blades are also staple armaments of hydra-hunters.
   It affects your strength (+4).
   It affects your dexterity (+4).
 T - a +9 antimagic executioner's axe
Armour
 w - a +2 pair of boots (worn)
 y - a scarf of repulsion
 F - a +0 pair of gloves (worn)
 G - a +0 plate armour (worn)
 N - a +2 cloak of cold resistance (worn)
 P - a +2 hat (worn)
Jewellery
 b - a +1 ring of evasion (left hand)
 k - an uncursed amulet of the gourmand
 v - a ring of protection from fire (right hand)
 I - an uncursed ring of flight
 L - an amulet of regeneration (around neck)
 Q - an uncursed ring of protection from cold
Wands
 t - a wand of paralysis (18)
 z - a wand of digging (23)
 D - a wand of flame (22)
 J - a wand of iceblast (7)
Scrolls
 d - 18 scrolls of remove curse
 f - 2 scrolls of enchant weapon
 g - 4 scrolls of enchant armour
 h - 14 scrolls of teleportation
 j - 2 scrolls of blinking
 n - 3 scrolls of summoning
 o - 7 scrolls of identify
 r - a scroll of noise
 A - 4 scrolls of magic mapping
 E - 8 scrolls of fog
 K - a scroll of fear
Potions
 a - 7 potions of flight
 e - 6 potions of heal wounds
 i - a potion of magic
 l - 2 potions of brilliance
 m - 8 potions of might
 q - 3 potions of haste
 s - 4 potions of resistance
 u - 4 potions of ambrosia
 x - a potion of invisibility
 B - 9 potions of curing
 C - 3 potions of mutation
 M - a potion of agility
 V - 2 potions of cancellation
Comestibles
 c - 40 rations


   Skills:
 - Level 16.8 Fighting
 + Level 25.2 Axes
 - Level 14.7 Armour
 - Level 13.5 Dodging


You had 18 spell levels left.
You didn't know any spells.
Your spell library was empty.

Dungeon Overview and Level Annotations

Branches:
Dungeon (15/15)            Temple (0/1) D:4            Lair (6/6) D:10
  Swamp (4/4) Lair:2        Snake (2/4) Lair:3        Slime (0/5) Lair:6
    Orc (2/2) D:12            Elf (0/3) Orc:2        Vaults (0/5) D:13
 Depths (0/5) D:15

Altars:
Dithmenos
Fedhas
Gozag
Kikubaaqudgha
Makhleb
Nemelex Xobeh
Okawaru
Qazlal
Ru
Wu Jian
Xom
Yredelemnul
The Shining One
Beogh

Shops:
D:7 !   D:10 [   D:12 :   Orc:2 ([*:   Snake:1 !


Innate Abilities, Weirdness & Mutations

You reflexively headbutt those who attack you in melee.
You have a pair of horns on your head.


Message History

You slice the salamander!! You headbutt the salamander!
The salamander is heavily wounded.
You chop the mana viper into pieces!!!
You kill the mana viper!
Trog accepts your kill.
* * * LOW HITPOINT WARNING * * *
You feel sick.
A naga ritualist comes into view. It is wielding a dagger of venom.
You cut the salamander into ribbons!!!
You kill the salamander!
Trog accepts your kill.
* * * LOW HITPOINT WARNING * * *
You feel sick.
* * * LOW HITPOINT WARNING * * *
You feel sick.
Things that are here:
a trident; a salamander corpse You are too berserk!
You feel a strong urge to attack something.
You die...

#N## #####.# ....#
##....% ##....##....#
.......#..).#
#.....†....#
#....#.#.### #....#.†.#
# #...?...)# ...
#.(..##.@###..#
#.............#
#.######.####.#
########### #.#
..........######.####..
............)...........
........#.######..####..
.######.#.## ##.#
#.......# .#


There were no monsters in sight!

Vanquished Creatures
  the Lernaean hydra (Swamp:4)
  The ghost of Xyxiun the Shatterer, an adept MiFi of Okawaru (Swamp:1)
  Frances (D:12)
  Kirke (Lair:6)
  Agnes (Snake:1)
  The ghost of Hugap the Fencer, a journeyman CeNe of Kikubaaqudgha (Swamp:2)
  A frost giant (IceCv)
  Aizul (Snake:2)
  An orc warlord (Orc:2)
  A stone giant (Orc:2)
  Azrael (D:14)
  A dire elephant (Lair:6)
  A minotaur (Lair:1)
  A yaktaur captain (D:15)
  Josephine (Swamp:1)
  Erolcha (Orc:2)
  3 ogre magi
  5 vault guards (D:13)
  A ghost crab (Swamp:2)
  15 hydras
  A naga warrior (Snake:1)
  2 centaur warriors (D:13)
  A catoblepas (Lair:6)
  Erica (Lair:2)
  6 anacondas
  The ghost of Mirvelgyr the Cleaver, a novice MiBe of Trog (Lair:1)
  14 two-headed ogres
  A tengu warrior (D:14)
  8 alligators
  A deep troll shaman (Lair:6)
  8 death yaks (Lair:6)
  A shock serpent (Snake:1)
  An orc high priest (Orc:2)
  Sonja (Orc:2)
  2 naga sharpshooters (Snake:1)
  A deep elf knight (D:13)
  4 skeletal warriors (D:15)
  4 unseen horrors
  A wizard (D:13)
  4 lindwurms
  2 naga ritualists (Snake:1)
  10 swamp dragons
  4 mana vipers
  2 shambling mangroves
  2 orc knights (Orc:2)
  3 orc sorcerers (Orc:2)
  10 deep elf magi
  8 ugly things
  4 spectral alligators (Swamp:1)
  Maurice (D:9)
  6 cyclopes
  3 manticores
  A centaur zombie (D:11)
  A toenail golem (Volcano)
  4 salamanders
  An ice statue (IceCv)
  3 elephants (Lair:6)
  4 naga magi (Snake:1)
  3 molten gargoyles (Volcano)
  28 black mambas
  A gargoyle (D:13)
  A torpor snail (Lair:6)
  7 spiny frogs
  A rime drake (Lair:6)
  6 komodo dragons
  5 trolls
  18 polar bears
  17 hornets
  14 tyrant leeches
  12 slime creatures
  15 blink frogs
  13 dream sheep
  4 bog bodies
  8 hippogriffs
  Sigmund (D:4)
  A shadow (D:14)
  7 wraiths
  A human (D:13)
  44 yaks
  4 wyverns
  8 spriggans
  5 fire elementals
  6 hogs (Lair:6)
  2 steam dragons (D:10)
  A basilisk (Lair:5)
  A hungry ghost (D:5)
  10 vampire mosquitoes
  4 wargs (D:12)
  A spectral spiny frog (Swamp:1)
  18 swamp worms
  3 nagas (Snake:1)
  Edmund (D:4)
  2 hell hounds (D:14)
  A spectral hornet (Swamp:1)
  7 water moccasins
  2 hornet zombies
  8 porcupines
  5 black bears
  12 swamp drakes
  32 orc warriors
  4 phantoms
  An ice beast (D:12)
  3 sky beasts
  An alligator simulacrum (Swamp:1)
  9 centaurs
  15 ogres
  51 wolves
  13 crocodiles
  4 big kobolds
  21 bullfrogs
  2 earth elementals (Volcano)
  A water moccasin zombie (Ossuary)
  10 scorpions
  15 killer bees
  A swamp dragon simulacrum (Swamp:1)
  3 electric eels (Lair:5)
  3 howler monkeys
  10 crimson imps
  A bullfrog zombie (D:8)
  A quasit (D:10)
  2 centaur skeletons
  5 hounds
  3 jellies (D:6)
  20 orc wizards
  26 orc priests
  A bullfrog skeleton (D:4)
  Terence (D:2)
  6 iguanas
  6 worker ants
  A spectral swamp drake (Swamp:1)
  A big kobold zombie (Ossuary)
  A hound zombie (D:8)
  3 mummies
  2 howler monkey zombies
  9 adders
  2 shadow imps
  12 white imps (Lair:1)
  An ooze (D:1)
  2 adder zombies (Ossuary)
  An adder skeleton (D:6)
  3 worms
  2 dart slugs
  3 leopard geckos
  79 orcs
  2 ball pythons
  4 giant cockroaches
  A gnoll zombie (Ossuary)
  4 goblins (D:1)
  6 hobgoblins
  7 jackals
  19 kobolds
  9 quokkas
  A ball python skeleton (D:4)
  7 bats
  11 frilled lizards
  A goblin zombie (D:4)
  5 hobgoblin zombies
  7 kobold zombies (Ossuary)
  5 orc zombies (Ossuary)
  2 quokka skeletons
  A quokka zombie (D:8)
  4 rats
  9 fungi
  6 plants
984 creatures vanquished.

Vanquished Creatures (collateral kills)
  2 orc high priests (Orc:2)
  An orc knight (Orc:2)
  2 orc sorcerers (Orc:2)
  10 orc warriors (Orc:2)
  A wolf (Lair:1)
  8 orc wizards (Orc:2)
  9 orc priests (Orc:2)
  A swamp drake simulacrum (Swamp:1)
  12 orcs (Orc:2)
46 creatures vanquished.

Vanquished Creatures (others)
  A jelly (Lair:6)
  3 fire vortices (Volcano)
  17 fungi
  31 plants
52 creatures vanquished.

Grand Total: 1082 creatures vanquished

Notes
Turn   | Place    | Note
-------+----------+-------------------------------------------
     0 | D:1      | Mirvelgyr the Minotaur Berserker began the quest for the Orb.
     0 | D:1      | Reached XP level 1. HP: 19/19 MP: 0/0
   312 | D:1      | Reached XP level 2. HP: 22/27 MP: 1/1
   326 | D:1      | Reached skill level 4 in Axes
   450 | D:1      | Reached ** piety under Trog
   461 | D:1      | Reached XP level 3. HP: 22/33 MP: 2/2
   943 | D:2      | Noticed Terence
   956 | D:2      | Killed Terence
  1211 | D:2      | Reached XP level 4. HP: 25/40 MP: 3/3
  1720 | D:2      | Reached skill level 5 in Axes
  2005 | D:3      | Reached XP level 5. HP: 41/47 MP: 4/4
  2214 | D:3      | Found a blossoming altar of Fedhas.
  2601 | D:4      | Noticed Sigmund
  2606 | D:4      | Killed Sigmund
  2606 | D:4      | Reached skill level 5 in Fighting
  2606 | D:4      | Reached skill level 6 in Axes
  2606 | D:4      | Reached XP level 6. HP: 56/56 MP: 5/5
  2671 | D:4      | Noticed Edmund
  2673 | D:4      | Reached *** piety under Trog
  2690 | D:4      | Killed Edmund
  2690 | D:4      | Reached XP level 7. HP: 49/61 MP: 6/6
  2757 | D:4      | Found a sand-covered staircase.
  2764 | Ossuary  | Entered an ossuary
  2792 | Ossuary  | Reached skill level 7 in Axes
  2839 | Ossuary  | Reached skill level 5 in Armour
  2840 | Ossuary  | Received a gift from Trog
  3266 | D:4      | Found a staircase to the Ecumenical Temple.
  3340 | D:5      | Entered Level 5 of the Dungeon
  3506 | D:5      | Found a transporter.
  3508 | D:5      | Found a transporter.
  3510 | D:5      | Noticed a two-headed ogre
  3511 | D:5      | Noticed a hungry ghost
  3516 | D:5      | Reached XP level 8. HP: 60/70 MP: 7/7
  3590 | D:5      | Found a burning altar of Makhleb.
  3596 | D:5      | Killed a two-headed ogre
  3596 | D:5      | Reached skill level 9 in Axes
  3596 | D:5      | Reached skill level 5 in Dodging
  4050 | D:6      | Reached XP level 9. HP: 79/79 MP: 8/8
  4179 | D:6      | Found a shimmering altar of Xom.
  4230 | D:6      | Found an opulent altar of Gozag.
  4267 | D:6      | Found a stormy altar of Qazlal.
  4289 | D:6      | Found a glowing golden altar of the Shining One.
  4323 | D:6      | Found an iron altar of Okawaru.
  4685 | D:6      | Found a sparkling altar of Nemelex Xobeh.
  4790 | D:6      | Reached skill level 10 in Axes
  4828 | D:7      | Reached **** piety under Trog
  5272 | D:7      | Found Efuocw's Distillery.
  5278 | D:7      | Found an ornate altar of the Wu Jian Council.
  5431 | D:7      | Bought a potion of might for 44 gold pieces
  5431 | D:7      | Bought a potion of might for 44 gold pieces
  5431 | D:7      | Bought a potion of curing for 33 gold pieces
  5431 | D:7      | Bought 2 potions of mutation for 176 gold pieces
  5431 | D:7      | Bought a potion of haste for 110 gold pieces
  5431 | D:7      | Bought a potion of heal wounds for 55 gold pieces
  5614 | D:7      | Found a basalt altar of Yredelemnul.
  5974 | D:8      | Reached skill level 11 in Axes
  5998 | D:8      | Reached XP level 10. HP: 90/90 MP: 6/9
  6787 | D:8      | Found an ancient bone altar of Kikubaaqudgha.
  7015 | D:9      | Noticed a two-headed ogre
  7024 | D:9      | Killed a two-headed ogre
  7024 | D:9      | Reached skill level 12 in Axes
  7200 | D:9      | Found a sacrificial altar of Ru.
  7362 | D:9      | Noticed Maurice
  7391 | D:9      | Killed Maurice
  7544 | D:10     | Entered Level 10 of the Dungeon
  7565 | D:10     | Found a staircase to the Lair.
  7571 | D:10     | Noticed a cyclops
  7572 | D:10     | Killed an unseen horror
  7580 | D:10     | Reached XP level 11. HP: 97/99 MP: 3/10
  7584 | D:10     | Reached skill level 13 in Axes
  7587 | D:10     | Reached skill level 10 in Fighting
  8599 | D:10     | Found Asofaon's Armour Shoppe.
  8603 | D:10     | Reached ***** piety under Trog
  8607 | D:10     | Reached skill level 10 in Armour
  8631 | D:10     | Bought a +0 pair of gloves for 67 gold pieces
  9546 | D:11     | Killed an unseen horror
  9564 | D:11     | Reached skill level 14 in Axes
  9600 | D:11     | Found a shadowy altar of Dithmenos.
  9848 | D:11     | Noticed a two-headed ogre
  9858 | D:11     | Killed a two-headed ogre
 10249 | D:12     | Found Daytrif's Book Emporium.
 10320 | D:12     | Noticed Frances
 10336 | D:12     | Killed Frances
 10336 | D:12     | Reached skill level 10 in Dodging
 10336 | D:12     | Reached XP level 12. HP: 110/110 MP: 11/11
 10553 | D:12     | Received a gift from Trog
 10681 | D:12     | Reached skill level 15 in Axes
 11082 | D:12     | Noticed a two-headed ogre
 11082 | D:12     | Noticed an ogre mage
 11083 | D:12     | Noticed a two-headed ogre
 11083 | D:12     | Noticed a two-headed ogre
 11084 | D:12     | Noticed a two-headed ogre
 11084 | D:12     | Noticed a two-headed ogre
 11095 | D:12     | Killed a two-headed ogre
 11470 | D:12     | Found a staircase to the Orcish Mines.
 11852 | D:12     | Killed an ogre mage
 11856 | D:12     | Killed a two-headed ogre
 11861 | D:12     | Killed a two-headed ogre
 11864 | D:12     | Killed a two-headed ogre
 11871 | D:12     | Killed a two-headed ogre
 12076 | D:13     | Noticed a centaur warrior
 12082 | D:13     | Killed a centaur warrior
 12082 | D:13     | Reached skill level 16 in Axes
 12259 | D:13     | Noticed a vault guard
 12260 | D:13     | Noticed a vault guard
 12300 | D:13     | Noticed a vault guard
 12322 | D:13     | Killed a vault guard
 12322 | D:13     | Reached XP level 13. HP: 119/119 MP: 12/12
 12787 | D:13     | Found a gate to the Vaults.
 12850 | D:14     | Noticed Azrael
 12857 | D:14     | Killed Azrael
 13137 | D:14     | Reached skill level 17 in Axes
 13261 | D:14     | Found a basalt altar of Yredelemnul.
 13751 | D:15     | Entered Level 15 of the Dungeon
 13994 | D:15     | Reached XP level 14. HP: 129/129 MP: 13/13
 14349 | D:15     | Found a staircase to the Depths.
 14555 | Lair:1   | Entered Level 1 of the Lair of Beasts
 14599 | Lair:1   | Found a dark tunnel.
 14604 | Volcano  | Entered a volcano
 14864 | Volcano  | Reached skill level 18 in Axes
 15071 | Lair:1   | Found a runed gate.
 15071 | Lair:1   | Found a runed gate.
 15071 | Lair:1   | Found a runed gate.
 15101 | Lair:1   | Found a frozen archway.
 15123 | IceCv    | Entered an ice cave
 15371 | IceCv    | Noticed a frost giant
 15383 | IceCv    | Killed a frost giant
 15839 | Lair:1   | Noticed Mirvelgyr's ghost (novice MiBe)
 16321 | Lair:1   | Killed Mirvelgyr's ghost
 16458 | Lair:2   | Identified a scroll of acquirement
 16463 | Lair:2   | Received a gift from Trog
 16486 | Lair:2   | Got an encrusted broad axe {god gift}
 16494 | Lair:2   | Identified the +5 broad axe "Guuruihe" {flame, Str+4 Dex+4} (Trog gifted it to you on level 2 of the Lair of Beasts)
 16651 | Lair:2   | Found a staircase to the Swamp.
 16804 | Lair:2   | Noticed Erica
 16811 | Lair:2   | Killed Erica
 17316 | Lair:3   | Found a staircase to the Snake Pit.
 17588 | Lair:3   | You fall through a shaft for 3 floors!
 17588 | Lair:6   | Entered Level 6 of the Lair of Beasts
 17648 | Lair:6   | Reached skill level 19 in Axes
 17668 | Lair:6   | Reached XP level 15. HP: 132/139 MP: 14/14
 18084 | Lair:6   | Received a gift from Trog
 18157 | Lair:6   | Found a staircase to the Slime Pits.
 18163 | Lair:6   | Noticed Kirke
 18176 | Lair:6   | Killed Kirke
 18176 | Lair:6   | Received a gift from Trog
 18188 | Lair:6   | Got a transparent executioner's axe {god gift}
 18189 | Lair:6   | Identified the +9 executioner's axe of Capital Punishment {protect, rN+} (Trog gifted it to you on level 6 of the Lair of Beasts)
 19006 | Lair:4   | Reached skill level 20 in Axes
 21002 | Orc:1    | Entered Level 1 of the Orcish Mines
 21181 | Orc:2    | Entered Level 2 of the Orcish Mines
 21181 | Orc:2    | Noticed Erolcha
 21190 | Orc:2    | Killed Erolcha
 21196 | Orc:2    | Reached skill level 21 in Axes
 21219 | Orc:2    | Found Qieraogg's Food Shoppe.
 21324 | Orc:2    | Bought a ration for 50 gold pieces
 21324 | Orc:2    | Bought a ration for 50 gold pieces
 21324 | Orc:2    | Bought a ration for 50 gold pieces
 21324 | Orc:2    | Bought a ration for 50 gold pieces
 21324 | Orc:2    | Bought a ration for 50 gold pieces
 21324 | Orc:2    | Bought a ration for 50 gold pieces
 21324 | Orc:2    | Bought a ration for 50 gold pieces
 21324 | Orc:2    | Bought a ration for 50 gold pieces
 21324 | Orc:2    | Bought a ration for 50 gold pieces
 21420 | Orc:2    | Reached ****** piety under Trog
 21447 | Orc:2    | Noticed Sonja
 21508 | Orc:2    | Killed Sonja
 21559 | Orc:2    | Found a roughly hewn altar of Beogh.
 21559 | Orc:2    | Found a staircase to the Elven Halls.
 21667 | Orc:2    | Noticed an orc warlord
 21668 | Orc:2    | Received a gift from Trog
 21679 | Orc:2    | Reached XP level 16. HP: 147/147 MP: 15/15
 22224 | Orc:2    | Found Keoczuf's General Store.
 22225 | Orc:2    | Found Yleuzyc's Book Boutique.
 22226 | Orc:2    | Found Fusuucin's Antique Armour Boutique.
 22226 | Orc:2    | Found Ezeil's Antique Weapon Shop.
 22240 | Orc:2    | Bought a scroll of identify for 32 gold pieces
 22240 | Orc:2    | Bought a ration for 80 gold pieces
 22240 | Orc:2    | Bought a scroll of identify for 32 gold pieces
 22539 | Swamp:1  | Entered Level 1 of the Swamp
 22689 | Swamp:1  | Noticed Josephine
 22699 | Swamp:1  | Killed Josephine
 22746 | Swamp:1  | Reached skill level 22 in Axes
 22968 | Swamp:1  | Found a runed gate.
 22968 | Swamp:1  | Found a runed gate.
 22971 | Swamp:1  | Found a runed gate.
 22983 | Swamp:1  | Noticed Xyxiun's ghost (adept MiFi)
 23140 | Swamp:1  | Killed Xyxiun's ghost
 23239 | Swamp:1  | Received a gift from Trog
 23786 | Swamp:2  | Found a runed door.
 23787 | Swamp:2  | Noticed Hugap's ghost (journeyman CeNe)
 23810 | Swamp:2  | Killed Hugap's ghost
 23823 | Swamp:2  | Reached skill level 15 in Fighting
 23823 | Swamp:2  | Reached XP level 17. HP: 137/158 MP: 16/16
 23824 | Swamp:2  | Reached XP level 18. HP: 147/168 MP: 17/17
 24642 | Swamp:3  | Reached skill level 23 in Axes
 25280 | Swamp:4  | Entered Level 4 of the Swamp
 25735 | Swamp:4  | Noticed the 27-headed Lernaean hydra
 26214 | Swamp:4  | Killed the 26-headed Lernaean hydra
 26214 | Swamp:4  | Reached skill level 24 in Axes
 26642 | Swamp:4  | Got a decaying rune of Zot
 26815 | Snake:1  | Entered Level 1 of the Snake Pit
 27133 | Snake:1  | Reached XP level 19. HP: 60/174 MP: 18/18
 27458 | Snake:1  | Noticed Agnes
 27466 | Snake:1  | Killed Agnes
 27702 | Snake:1  | Found Wel Walub's Distillery.
 27705 | Snake:1  | Bought a potion of curing for 51 gold pieces
 27705 | Snake:1  | Bought a potion of invisibility for 136 gold pieces
 27705 | Snake:1  | Bought a potion of cancellation for 136 gold pieces
 27705 | Snake:1  | Bought a potion of flight for 51 gold pieces
 27705 | Snake:1  | Bought 2 potions of flight for 102 gold pieces
 27705 | Snake:1  | Bought a potion of curing for 51 gold pieces
 27705 | Snake:1  | Bought a potion of resistance for 170 gold pieces
 27988 | Snake:1  | Reached skill level 25 in Axes
 28270 | Snake:2  | Noticed Aizul
 28288 | Snake:2  | Killed Aizul
 28289 | Snake:2  | HP: 8/261 [salamander/trident (9)]
 28290 | Snake:2  | HP: 3/261 [poisoned by Aizul (bolt of poison)]
 28292 | Snake:2  | HP: 1/261 [poisoned by Aizul (bolt of poison)]
 28293 | Snake:2  | Succumbed to Aizul's bolt of poison

Vault maps used:
D:1:      mainiacjoe_arrival_reflecting_pool
D:2:      first_ration, dk_noncrumbling_3, minmay_distorted, uniq_terence
D:3:      fedhas_altar_fruit_tree
D:4:      temple_statues, nicolae_ossuary_entry_giza, corexii_leaking_fountain,
          uniq_sigmund, uniq_edmund
D:5:      gammafunk_temple_overflow_arena, serial_glass, glass_columns_b,
          glass_columns_b
D:6:      brannock_xom_greatest_gift, nicolae_overflow_quartered_altars,
          nemelex_diamond_rough_becter
D:7:      lemuel_crystal_altar, nicolae_overflow_crystal_walls, serial_shops,
          shop
D:8:      cheibrodos_ideogram_h, marbit_many_paths, the_bakery,
          minmay_misc_feat_columns
D:9:      old_standard_altar, uniq_maurice
D:10:     due_lair_maze_entry_diamond, serial_shops, shop
D:11:     grunt_dithmenos_smoke_and_mirrors
D:12:     david_orc_1_choice, serial_shops,
          nicolae_shop_temple_entry_statues_fountains, uniq_frances
D:13:     grunt_vaults_entry_fortified
D:14:     yredelemnul_altar_generic, uniq_azrael
D:15:     grunt_enter_depths_snipers, bh_walls_and_bars
Lair:1:   maelrawn_ghost_labyrinth_escape, portal_ice_cave_entry_imps,
          enter_volcano_4
Lair:2:   swamp_mist_pool, uniq_erica
Lair:3:   dummy_snake_entry, st_stairs_6, serial_bayou_shore_b,
          lemuel_fruit_fields
Lair:4:   cheibrodos_lair_overgrown_chateau, serial_forest,
          infiniplex_forest_straight_5, infiniplex_forest_end_2,
          infiniplex_forest_clump_C, infiniplex_forest_lined_3_way,
          infiniplex_forest_end_double, infiniplex_forest_clump_cross,
          infiniplex_forest_clump_double
Lair:5:   grunt_megastairs_1, infiniplex_staircase_pool, serial_bayou_shore_a
Lair:6:   grunt_lair_end_beastmaster, minmay_slime_entry_pillars,
          grunt_forest_large_clearings, uniq_kirke
Swamp:1:  gammafunk_ghost_necromancy, hangedman_swamp_cone, uniq_josephine
Swamp:2:  gammafunk_ghost_grave, hangedman_swamp_diagram
Swamp:3:  evilmike_swamp_ruin_house_4
Swamp:4:  swamp_old_school
Snake:1:  serial_shops, nicolae_shop_behind_doors, grunt_ministairs_8,
          uniq_agnes
Snake:2:  serial_shops, shop, uniq_aizul, uniq_vashnia
Orc:1:    elves_outpost_lemuel
Orc:2:    st_orc_congregation, basic_altar, serial_shops,
          nicolae_shop_window_shopping, minmay_orc_keep, uniq_erolcha,
          uniq_sonja
Ossuary:  ossuary_tomb_2
IceCv:    ice_cave_small_giant
Volcano:  volcano_aerie

Skill      XL: |  1  2  3  4  5  6  7  8  9 10 11 12 13 14 15 16 17 18 19 |
---------------+----------------------------------------------------------+-----
Axes           | 4 5 6 7 9 11 12 14 16 17 19 21 22 24 25 | 25.2
Fighting       | 4 5 6 7 8 9 11 12 13 14 15 16 | 16.8
Armour         | 3 4 5 6 8 9 11 12 13 14 | 14.7
Dodging        | 3 4 6 7 8 10 11 12 13 | 13.5

Action                   |  1- 3 |  4- 6 |  7- 9 | 10-12 | 13-15 | 16-18 | 19-21 || total
-------------------------+-------+-------+-------+-------+-------+-------+-------++-------
Melee: Hand axe          |    63 |   113 |   252 |    66 |       |       |       ||   494
       Headbutt          |    10 |    27 |    54 |   148 |   237 |   108 |    19 ||   603
       War axe           |       |       |       |   358 |       |       |       ||   358
       Broad axe         |       |       |       |   141 |   254 |       |       ||   395
       Battleaxe         |       |       |       |       |   431 |       |       ||   431
       Executioner's axe |       |       |       |       |   235 |   456 |   121 ||   812
Throw: Tomahawk          |       |       |     1 |       |     3 |       |       ||     4
Invok: Berserk           |     1 |     1 |     3 |     6 |    15 |     4 |     1 ||    31
       Trog's Hand       |       |     1 |     4 |    15 |    21 |    18 |     4 ||    63
       Brothers in Arms  |       |       |       |       |     6 |     4 |       ||    10
Evoke: Wand              |       |       |       |       |     1 |       |       ||     1
  Use: Scroll            |       |     5 |     9 |     9 |     9 |    12 |     2 ||    46
       Potion            |       |       |       |       |     3 |    10 |     1 ||    14
 Stab: Petrified         |       |       |       |       |     6 |       |       ||     6
       Distracted        |       |       |       |       |     2 |     1 |       ||     3
       Petrifying        |       |       |       |       |     1 |       |       ||     1
       Confused          |       |       |       |       |       |     2 |       ||     2
  Eat: Chunk             |     2 |     6 |    12 |    38 |    25 |     2 |       ||    85
       Ration            |       |       |     1 |     2 |     7 |    11 |       ||    21
Armor: Animal skin       |    12 |       |       |       |       |       |       ||    12
       Chain mail        |       |    34 |    85 |   125 |       |       |       ||   244
       Scale mail        |       |     7 |       |       |       |       |       ||     7
       Plate armour      |       |       |       |   143 |   463 |   554 |    52 ||  1212
Dodge: Dodged            |    46 |    45 |   138 |   349 |   741 |   556 |    69 ||  1944
       Deflected         |       |       |       |       |     2 |       |       ||     2

Table legend:
 A = Spawn XP
 B = Non-spawn XP
 C = Spawn XP percentage of total XP
 D = Spawn monster count
 E = Non-spawn monster count
 F = Spawn count percentage of total count
 G = Total turns spent on level
                    A         B        C        D         E        F      G
               +---------+---------+-------+---------+---------+-------+---------
         Total |       0 |  251493 |   0.0 |       0 |    1015 |   0.0 | 28293
               +---------+---------+-------+---------+---------+-------+---------
           D:1 |       0 |      52 |   0.0 |       0 |      27 |   0.0 |   941
           D:2 |       0 |     106 |   0.0 |       0 |      19 |   0.0 |   845
           D:3 |       0 |      78 |   0.0 |       0 |      11 |   0.0 |   815
           D:4 |       0 |     742 |   0.0 |       0 |      24 |   0.0 |   596
           D:5 |       0 |    1564 |   0.0 |       0 |      12 |   0.0 |   704
           D:6 |       0 |     652 |   0.0 |       0 |      17 |   0.0 |   773
           D:7 |       0 |    1315 |   0.0 |       0 |      21 |   0.0 |  1073
           D:8 |       0 |    2124 |   0.0 |       0 |      29 |   0.0 |  1115
           D:9 |       0 |    2674 |   0.0 |       0 |      23 |   0.0 |   737
          D:10 |       0 |    5358 |   0.0 |       0 |      51 |   0.0 |  1265
          D:11 |       0 |    5681 |   0.0 |       0 |      33 |   0.0 |  1344
          D:12 |       0 |   13838 |   0.0 |       0 |      44 |   0.0 |  2061
          D:13 |       0 |   12193 |   0.0 |       0 |      39 |   0.0 |   929
          D:14 |       0 |    9130 |   0.0 |       0 |      26 |   0.0 |   925
          D:15 |       0 |   13917 |   0.0 |       0 |      22 |   0.0 |   703
        Lair:1 |       0 |    6367 |   0.0 |       0 |      35 |   0.0 |   911
        Lair:2 |       0 |    4857 |   0.0 |       0 |      22 |   0.0 |   794
        Lair:3 |       0 |    3957 |   0.0 |       0 |      21 |   0.0 |   780
        Lair:4 |       0 |   11203 |   0.0 |       0 |      39 |   0.0 |  1237
        Lair:5 |       0 |    2632 |   0.0 |       0 |      15 |   0.0 |   785
        Lair:6 |       0 |   26730 |   0.0 |       0 |      77 |   0.0 |  1133
       Swamp:1 |       0 |   16686 |   0.0 |       0 |      42 |   0.0 |  1211
       Swamp:2 |       0 |    9926 |   0.0 |       0 |      23 |   0.0 |   910
       Swamp:3 |       0 |    4958 |   0.0 |       0 |      15 |   0.0 |   807
       Swamp:4 |       0 |   30906 |   0.0 |       0 |      60 |   0.0 |  1303
       Snake:1 |       0 |   21721 |   0.0 |       0 |      36 |   0.0 |  1409
       Snake:2 |       0 |    6739 |   0.0 |       0 |      10 |   0.0 |    69
         Orc:1 |       0 |    5332 |   0.0 |       0 |      13 |   0.0 |   188
         Orc:2 |       0 |   16792 |   0.0 |       0 |     140 |   0.0 |   823
       Ossuary |       0 |     169 |   0.0 |       0 |      23 |   0.0 |   143
         IceCv |       0 |    9362 |   0.0 |       0 |      36 |   0.0 |   525
       Volcano |       0 |    3732 |   0.0 |       0 |      10 |   0.0 |   439
               +---------+---------+-------+---------+---------+-------+---------
